[Event "SWE-ch Masters 2018"]
[Site "Ronneby"]
[Date "2018.07.07"]
[Round "8"]
[White "Lindvall, Johannes"]
[Black "Walinder, Lars"]
[Result "0-1"]
[ECO "B51"]
[WhiteElo "2010"]
[BlackElo "2231"]
[Annotator "NA"]
[PlyCount "170"]
[EventDate "2018.06.30"]
[EventType "tourn"]
[EventCountry "SWE"]
[SourceTitle "playchess.com"]
[Source "ChessBase"]
[SourceQuality "1"]
[TimeControl "40/5400+30:1800+30"]

1. e4 c5 2. Nf3 d6 3. Bb5+ Nd7 4. d4 cxd4 5. Qxd4 a6 6. Bxd7+ Bxd7 7. c4 Rc8 8. Nc3 Qc7 9. b3 e5 10. Qd1 b5 11. Nd5 Qb7 12. Be3 Bc6 13. O-O Nf6 14. Qd3 Be7 15. a4 Bxd5 16. cxd5 b4 17. Rac1 O-O 18. Nd2 Nd7 19. Nc4 Nc5 20. Bxc5 Rxc5 21. Rc2 Qc7 22. f4 exf4 23. Rxf4 g6 24. Rcf2 Bg5 25. Rg4 Qe7 26. Rf1 Bf6 27. Rgf4 Bg7 28. Re1 Bh6 29. Rf3 Bg7 30. Rfe3 a5 31. Kh1 Bc3 32. Rf1 Bg7 33. Rfe1 Be5 34. Rh3 h5 35. Qe3 Kg7 36. g4 h4 37. Nxe5 Qxe5 38. Rxh4 Rh8 39. Rxh8 Kxh8 40. Rb1 Rc2 41. Qh6+ Kg8 42. Re1 Qf6 43. Qe3 Qh4 44. Re2 Rc3 45. Qf4 Rxb3 46. Rc2 Rc3 47. Rf2 Qe7 48. g5 b3 49. h4 Rc2 50. Rf1 b2 51. h5 gxh5 52. g6 fxg6 53. e5 Rc1 54. Rxc1 bxc1=Q+ 55. Qxc1 Qh4+ 56. Kg2 Qe4+ 57. Kf2 Qf5+ 58. Kg2 Qxe5 59. Qc8+ Kh7 60. Qc7+ Kh6 61. Qxa5 Qg5+ 62. Kf1 Qf4+ 63. Ke1 h4 64. Qa8 Qe3+ 65. Kd1 Qd3+ 66. Ke1 Qg3+ 67. Kf1 Kh5 68. Qh8+ Kg5 69. Qd8+ Kf5 70. Qc8+ Kf4 71. Qc4+ Ke5 72. Qe2+ Kxd5 73. Qb5+ Ke6 74. Qe8+ Kf6 75. Qf8+ Kg5 76. Qe7+ Kh6 77. Qf8+ Kh5 78. Qh8+ Kg5 79. Qd8+ Kf5 80. Qc8+ Ke5 81. Qe8+ Kd4 82. Qh8+ Kd3 83. Qb2 Qf4+ 84. Ke1 Qe4+ 85. Kf1 Qh1+ 0-1

[Event "SWE-ch Masters 2018"]
[Site "Ronneby"]
[Date "2018.07.08"]
[Round "9"]
[White "Walinder, Lars"]
[Black "Nyander, Joakim"]
[Result "1-0"]
[ECO "A30"]
[WhiteElo "2231"]
[BlackElo "2203"]
[Annotator "NA"]
[PlyCount "81"]
[EventDate "2018.06.30"]
[EventType "tourn"]
[EventCountry "SWE"]
[SourceTitle "playchess.com"]
[Source "ChessBase"]
[SourceQuality "1"]
[TimeControl "40/5400+30:1800+30"]

1. c4 c5 2. Nf3 Nf6 3. Nc3 e6 4. e3 Be7 5. d4 cxd4 6. exd4 d5 {[%emt 0:00:25] LiveBook: 1722 Partien} 7. Bg5 Nbd7 {[%emt 0:11:07] B14: Caro-Kann: Panov-Botvinnik Attack with 5...e6 and 5...g6} (7... O-O 8. Rc1 Nc6 9. c5 b6 10. Bb5 Bd7 11. Bxc6 Bxc6 12. b4 bxc5 13. bxc5 Rb8 14. Ne5 Qc8 15. O-O h6 16. Bh4 Re8 {1-0 (34) Artemiev,V (2691)-Le,Q (2737) Huaian 2017}) 8. c5 Ne4 9. Bxe7 Nxc3 $146 ({Predecessor:} 9... Qxe7 10. Bd3 Nxc3 11. bxc3 h6 12. O-O O-O 13. Re1 {0-1 (24) Stenseth,B-Ciklabakkal,M ICCF email 2007}) 10. bxc3 ({Better is} 10. Bxd8 $14 Nxd1 11. Rxd1 Kxd8 12. Bd3) 10... Qxe7 11. Bb5 O-O 12. O-O b6 13. Bxd7 Bxd7 14. cxb6 axb6 15. Qb3 b5 16. Ne5 Ra3 17. Qb2 $1 Rfa8 18. Nd3 Be8 19. Nb4 Qc7 20. Rac1 Qc4 21. Rfe1 Bd7 22. Re3 R3a7 23. Rce1 Rc8 24. Rg3 f6 25. h4 Kh8 26. Qd2 Re8 27. h5 h6 $11 28. Ree3 Bc8 29. Ref3 Rf8 30. Rg6 Kh7 31. Rfg3 Rff7 32. Qc2 Kh8 33. Qd2 Kh7 34. Qe3 Rae7 35. Qf3 e5 36. Nxd5 e4 37. Rxg7+ Rxg7 38. Nxf6+ Kh8 39. Qf4 Qe6 40. Qxh6+ Rh7 41. Qf8+ 1-0

[Event "SWE-ch Masters 2018"]
[Site "Ronneby"]
[Date "2018.07.08"]
[Round "9"]
[White "Laksman, Efraim"]
[Black "Andersson, Paul"]
[Result "0-1"]
[ECO "A30"]
[WhiteElo "2184"]
[BlackElo "2099"]
[Annotator "NA"]
[PlyCount "82"]
[EventDate "2018.06.30"]
[EventType "tourn"]
[EventCountry "SWE"]
[SourceTitle "playchess.com"]
[Source "ChessBase"]
[SourceQuality "1"]
[TimeControl "40/5400+30:1800+30"]

1. c4 c5 2. g3 Nc6 3. Bg2 g6 4. Nf3 Bg7 5. O-O d6 6. Nc3 e5 7. d3 Nge7 {[%emt 0:00:40] LiveBook: 715 Partien} 8. Rb1 O-O 9. a3 h6 10. b4 Rb8 11. e3 {[%emt 0:06:41] A37: Symmetrical English vs ...g6: 4 Bg2 Bg7 5 Nf3} (11. Nd2 b6 12. Qa4 Bd7 13. b5 Na5 14. Qc2 f5 15. Bb2 Kh7 16. e3 Qe8 17. Rbe1 Nb7 18. f4 Nd8 {1-0 (40) Bocharov,D (2583)-Tregubov,P (2575) Riadh 2017}) 11... f5 12. Qc2 Be6 13. b5 Na5 14. Nd2 Kh7 $146 ({Predecessor:} 14... Qd7 15. Nd5 g5 16. f4 Ng6 17. Bb2 exf4 18. exf4 {0-1 (30) Davidson,N (1868)-Poulton,C Brisbane 2006}) 15. f4 d5 16. cxd5 Nxd5 17. Nxd5 Bxd5 18. e4 Be6 19. Nf3 exf4 $15 20. gxf4 c4 21. dxc4 Nxc4 22. e5 Qb6+ 23. Qf2 Qxf2+ 24. Kxf2 Rfd8 25. Ke2 Bf8 26. Rd1 Rxd1 27. Kxd1 Rd8+ 28. Kc2 Bxa3 29. Bf1 Bxc1 30. Bxc4 Bxc4 31. Kxc1 Be2 32. Rb3 Rd5 33. b6 axb6 34. Nh4 b5 35. e6 Rd8 36. Rg3 Bh5 37. Rc3 Kg7 38. Rc7+ Kf6 39. Rxb7 Kxe6 40. Rxb5 Rd1+ 41. Kc2 Rh1 0-1

[Event "SWE-ch Masters 2018"]
[Site "Ronneby"]
[Date "2018.07.08"]
[Round "9"]
[White "Adler, Bo"]
[Black "Wengholm, Anders"]
[Result "1/2-1/2"]
[ECO "E29"]
[WhiteElo "2177"]
[BlackElo "2186"]
[Annotator "NA"]
[PlyCount "82"]
[EventDate "2018.06.30"]
[EventType "tourn"]
[EventCountry "SWE"]
[SourceTitle "playchess.com"]
[Source "ChessBase"]
[SourceQuality "1"]
[TimeControl "40/5400+30:1800+30"]

1. d4 Nf6 2. c4 e6 3. Nc3 Bb4 4. a3 Bxc3+ $1 5. bxc3 c5 6. e3 Nc6 7. Bd3 O-O 8. Ne2 b6 9. e4 {[%emt 0:03:15] LiveBook: 223 Games} Ne8 10. O-O Ba6 11. Ng3 Na5 12. Qe2 {[%emt 0:08:39] E29: Nimzo-Indian: Sämisch: 5...0-0 6 e3 c5 7 Bd3 Nc6} (12. f4 f6 13. f5 Bxc4 14. Bxc4 Nxc4 15. Rf4 cxd4 16. Rh4 dxc3 17. Qh5 Qc7 18. Qxh7+ Kf7 19. Qh5+ Ke7 {0-1 (39) Flores,D (2580)-Bu,X (2710) Tbilisi 2017}) 12... cxd4 13. cxd4 Nb3 14. Rb1 Nxd4 15. Qe3 Nc6 $146 ({Predecessor:} 15... e5 16. f4 d6 17. Bb2 Nc6 18. Nf5 f6 19. g4 exf4 20. Rxf4 {0-1 (34) Sikora Lerch,J-Pachman,L Luhacovice 1968}) 16. Bb2 $15 f6 17. Rfd1 Qe7 18. Rbc1 Qc5 19. Qf3 Nd6 20. Nh5 Ne5 21. Qg3 Ng6 22. e5 fxe5 23. Bxg6 hxg6 24. Bxe5 Nf5 25. Qxg6 Qxe5 26. Rxd7 Bc8 27. Rd3 Ne7 28. Qg4 g6 29. Rh3 Qf5 30. Qh4 gxh5 31. Rg3+ Ng6 32. Rg5 Qf6 33. Kh1 Kg7 34. Qxh5 e5 35. Rc3 e4 36. Rxg6+ Qxg6 37. Qe5+ Qf6 38. Rg3+ Kf7 39. Qd5+ Ke7 40. h3 Bd7 41. Qxe4+ Be6 1/2-1/2

[Event "SWE-ch Masters 2018"]
[Site "Ronneby"]
[Date "2018.07.08"]
[Round "9"]
[White "Tiger-Norqvist, Axel"]
[Black "Neretljak, Nedzad"]
[Result "1-0"]
[ECO "C02"]
[WhiteElo "2158"]
[BlackElo "2108"]
[Annotator "NA"]
[PlyCount "83"]
[EventDate "2018.06.30"]
[EventType "tourn"]
[EventCountry "SWE"]
[SourceTitle "playchess.com"]
[Source "ChessBase"]
[SourceQuality "1"]
[TimeControl "40/5400+30:1800+30"]

1. e4 e6 2. d4 d5 3. e5 c5 4. c3 Nc6 5. Nf3 Bd7 6. a3 a6 7. Be3 Qc7 8. Bd3 f6 9. exf6 gxf6 10. dxc5 $11 e5 11. Nh4 O-O-O 12. b4 e4 13. Be2 Bh6 14. Qxd5 Bg5 15. Nf5 Kb8 16. Nd6 Nge7 17. Qxe4 f5 18. Qd3 Ne5 19. Qd2 f4 20. Bd4 N7g6 21. h4 Qc6 22. f3 Bf6 23. Bf2 h5 24. a4 Bf5 25. b5 Qd7 26. bxa6 Qe6 27. Kf1 Ng4 28. fxg4 hxg4 29. Bc4 Qd7 30. Qd5 Ne7 31. Qxb7+ Qxb7 32. axb7 g3 33. Bd4 Rxh4 34. Rxh4 Bxh4 35. Nd2 Bg4 36. a5 Nc6 37. a6 Rf8 38. Bd5 Na7 39. Nb5 Bf6 40. Nxa7 Kxa7 41. Bxf6 Rxf6 42. b8=Q+ 1-0

[Event "SWE-ch Masters 2018"]
[Site "Ronneby"]
[Date "2018.07.08"]
[Round "9"]
[White "Petersson, Baldur Teodor"]
[Black "Svorono, Gabriel"]
[Result "1-0"]
[ECO "C43"]
[WhiteElo "2153"]
[BlackElo "2105"]
[Annotator "NA"]
[PlyCount "43"]
[EventDate "2018.06.30"]
[EventType "tourn"]
[EventCountry "SWE"]
[SourceTitle "playchess.com"]
[Source "ChessBase"]
[SourceQuality "1"]
[TimeControl "40/5400+30:1800+30"]

1. e4 e5 2. Nf3 Nf6 3. d4 Nxe4 4. Bd3 d5 5. Nxe5 Nd7 6. Nxd7 Bxd7 7. O-O Bd6 8. Nc3 Nxc3 9. bxc3 O-O 10. Qh5 f5 11. Rb1 {[%emt 0:00:59] LiveBook: 35 Games} b6 12. c4 c6 13. cxd5 $11 cxd5 14. Qf3 Be6 15. Re1 Qf6 16. Bf4 Bxf4 17. Qxf4 Rae8 18. Qd6 f4 19. Bb5 Re7 20. Bc6 Qf7 21. Bxd5 Rd7 22. Qxd7 1-0

[Event "SWE-ch Masters 2018"]
[Site "Ronneby"]
[Date "2018.07.08"]
[Round "9"]
[White "Palmblad, Jan Peter"]
[Black "Mardell, Jimmy"]
[Result "0-1"]
[ECO "C11"]
[WhiteElo "2099"]
[BlackElo "2173"]
[Annotator "NA"]
[PlyCount "104"]
[EventDate "2018.06.30"]
[EventType "tourn"]
[EventCountry "SWE"]
[SourceTitle "playchess.com"]
[Source "ChessBase"]
[SourceQuality "1"]
[TimeControl "40/5400+30:1800+30"]

1. e4 e6 2. d4 d5 3. Nc3 Nf6 4. e5 Nfd7 5. f4 c5 6. Nf3 Nc6 7. Be3 cxd4 8. Nxd4 Bc5 9. Qd2 O-O 10. O-O-O a6 11. Qf2 Bxd4 12. Bxd4 b5 13. Bc5 {[%emt 0:01:57] C11: Französische Verteidigung} (13. Be3 Qa5 14. Kb1 b4 15. Ne2 Qc7 16. Nd4 Nxd4 17. Bxd4 a5 18. Bb5 a4 19. b3 Ba6 20. Bxa4 Rfc8 {1-0 (74) So,W (2808)-Holt,C (2567) chess.com INT 2017}) 13... Nxc5 14. Qxc5 Bb7 $146 ({Vorgänger:} 14... Bd7 15. Qd6 Qb6 16. Nxd5 exd5 17. Qxd7 Qf2 18. Qg4 Nb4 19. Bd3 Rac8 20. Kb1 Nxd3 {0-1 (20) Schuetze,N (2276)-Liedtke,M (2352) Germany 2007}) 15. Ne4 Qe7 16. Nd6 f6 17. exf6 Rxf6 18. Nxb7 Qxb7 19. g3 Rc8 20. Rd2 $11 Ne5 21. Qg1 Nf3 22. Qe3 Nxd2 23. Qxd2 Qb6 24. Bh3 Rff8 25. Re1 Rc6 26. f5 exf5 27. Qxd5+ Kh8 28. Bxf5 Qc5 29. Qxc5 Rxc5 30. Bd3 Rc6 31. Re4 Kg8 32. a4 Rf2 33. axb5 axb5 34. h4 Kf7 35. Re5 Re6 36. Rxe6 Kxe6 37. Bxh7 Rg2 38. h5 Rxg3 39. c3 Kd5 40. Kb1 Kc4 41. Bg8+ Kd3 42. Ka2 Kc2 43. Ka3 Rg4 44. Bh7+ Kc1 45. Bg8 Ra4+ 46. Kb3 Rh4 47. Bf7 Rh2 48. c4 Rxb2+ 49. Ka3 Rf2 50. Be6 bxc4 51. Bxc4 Rf5 52. Kb4 Kd2 0-1

[Event "SWE-ch Masters 2018"]
[Site "Ronneby"]
[Date "2018.07.08"]
[Round "9"]
[White "Carlsson, Andreas"]
[Black "Mattsson, Michael"]
[Result "0-1"]
[ECO "C48"]
[WhiteElo "2029"]
[BlackElo "2032"]
[Annotator "NA"]
[PlyCount "96"]
[EventDate "2018.06.30"]
[EventType "tourn"]
[EventCountry "SWE"]
[SourceTitle "playchess.com"]
[Source "ChessBase"]
[SourceQuality "1"]
[TimeControl "40/5400+30:1800+30"]

1. e4 e5 2. Nf3 Nc6 3. Nc3 Nf6 4. Bb5 Nd4 5. Nxd4 exd4 6. e5 dxc3 7. exf6 cxd2+ {[%emt 0:10:36] C48: Four Knights: 4 Bb5, replies other than 4...Bb4} (7... Qxf6 8. Qe2+ Qe7 9. dxc3 Qxe2+ 10. Kxe2 Bc5 11. Be3 Bxe3 12. Kxe3 c6 13. Bd3 d5 14. Rae1 Ke7 15. c4 dxc4 16. Bxc4 Rd8 17. Rd1 Be6 18. Bxe6 Kxe6 {½-½ (27) Carlsen,M (2843)-Ding,L (2778) Shamkir 2018}) 8. Bxd2 Qxf6 9. Bc3 Qe6+ 10. Qe2 Qxe2+ 11. Bxe2 d5 $146 ({Predecessor:} 11... f6 12. O-O-O Bc5 13. f4 O-O 14. Rhe1 Be3+ 15. Bd2 Bxd2+ 16. Rxd2 {0-1 (49) Padalka,A-Sharaevsky,M Ukraine 2000}) 12. O-O-O Be6 13. Bf3 O-O-O 14. Rhe1 Rg8 15. h3 Bc5 16. Bd4 Bxd4 17. Rxd4 Rd6 18. a3 c5 19. Rd2 Kc7 20. Re5 Rgd8 21. g4 f6 22. Re1 d4 23. Rde2 Bd5 24. Re7+ {[%emt 0:00:57] [#]} R8d7 $1 25. Bxd5 Rxd5 26. Kd2 Rxe7 27. Rxe7+ Rd7 28. Re8 Kd6 29. Re4 Re7 30. Rf4 Re5 31. Rf3 c4 32. Rg3 b5 33. Kd1 Kd5 34. Kd2 Ke4 35. Ke2 a5 36. Kd2 b4 $19 37. axb4 axb4 38. b3 c3+ 39. Ke2 Kd5+ 40. Kd1 Re6 41. Rf3 g6 42. Rf4 Ke5 43. Rf3 Ra6 44. Ke2 Ke4 45. Rd3 Ra2 46. f3+ Kd5 47. Kd1 Ra1+ 48. Ke2 Rc1 0-1

[Event "SWE-ch Masters 2018"]
[Site "Ronneby"]
[Date "2018.07.08"]
[Round "9"]
[White "Bit-Narva, David"]
[Black "Tegler, Erik"]
[Result "1/2-1/2"]
[ECO "A46"]
[WhiteElo "1977"]
[BlackElo "2073"]
[Annotator "NA"]
[PlyCount "30"]
[EventDate "2018.06.30"]
[EventType "tourn"]
[EventCountry "SWE"]
[SourceTitle "playchess.com"]
[Source "ChessBase"]
[SourceQuality "1"]
[TimeControl "40/5400+30:1800+30"]

1. d4 Nf6 2. Nf3 e6 3. e3 b6 4. b3 Bb4+ 5. c3 Be7 6. Bd3 Bb7 7. Nbd2 d5 8. Qc2 Nbd7 9. e4 $11 dxe4 10. Nxe4 c5 11. O-O Nxe4 12. Bxe4 Bxe4 13. Qxe4 O-O 14. Bb2 Qc7 15. c4 Nf6 1/2-1/2

[Event "SWE-ch Masters 2018"]
[Site "Ronneby"]
[Date "2018.07.08"]
[Round "9"]
[White "Nordahl, Nils"]
[Black "Lindvall, Johannes"]
[Result "1/2-1/2"]
[ECO "C91"]
[WhiteElo "1839"]
[BlackElo "2010"]
[Annotator "NA"]
[PlyCount "36"]
[EventDate "2018.06.30"]
[EventType "tourn"]
[EventCountry "SWE"]
[SourceTitle "playchess.com"]
[Source "ChessBase"]
[SourceQuality "1"]
[TimeControl "40/5400+30:1800+30"]

1. e4 e5 2. Nf3 Nc6 3. Bb5 a6 4. Ba4 Nf6 5. O-O Be7 6. Re1 b5 7. Bb3 d6 8. c3 O-O 9. d4 Bg4 10. d5 Na5 11. Bc2 c6 12. dxc6 {[%emt 0:03:34] LiveBook: 73 Games} Nxc6 13. Nbd2 h6 14. Nf1 Re8 15. Ng3 Qc7 16. h3 Be6 17. Qe2 $11 Bf8 18. Bb3 d5 1/2-1/2